Map: Orbital Shipyard

Players

Sweps

  • Race: Protoss Protoss
  • League: Master

MythiC - Winner!

  • Race: Terran Terran
  • League: Grandmaster

VOD

Have the link to the VOD?

Description

Time

  • Played on: Dec. 27, 2015, 8:21 a.m.
  • Length: 6:36
Show
View Real Time Build Order
Export as new Build Order

Sweps Protoss 

Build Orders: 1 Gate Expand 

Get SALT Encoding   

  12  0:01  Probe (Chrono Boost)  
  13  0:11  Probe (Chrono Boost)  
  14  0:17  Pylon  
  14  0:22  Probe (Chrono Boost)  
  15  0:36  Probe (Chrono Boost)  
  15  0:37  Assimilator  
  16  0:44  Gateway  
  16  0:46  Probe (Chrono Boost)  
  17  0:53  Pylon  
  18  0:57  Probe (Chrono Boost)  
  18  1:07  Probe (Chrono Boost)  
  19  1:18  Probe (Chrono Boost)  
  20  1:31  Cybernetics Core  
  20  1:42  Nexus  
  20  1:44  Probe (Chrono Boost)  
  21  1:53  Assimilator  
  21  1:55  Probe (Chrono Boost)  
  22  2:05  Probe (Chrono Boost)  
  22  2:07  Adept (Chrono Boost)  
  25  2:14  Robotics Facility  
  25  2:18  Probe (Chrono Boost)  
  25  2:22  Warp Gate  
  26  2:30  Probe (Chrono Boost)  
  27  2:42  Mothership Core (Chrono Boost)  
  29  2:53  Assimilator  
  29  2:55  Probe (Chrono Boost)  
  30  3:00  Probe (Chrono Boost)  
  30  3:04  Warp Prism (Chrono Boost)  
  30  3:05  Probe (Chrono Boost)  
  34  3:10  Probe (Chrono Boost)  
  33  3:14  Probe  
  34  3:21  Pylon  
  34  3:22  Probe  
  34  3:25  Probe  
  36  3:29  Robotics Bay  
  36  3:34  Probe  
  36  3:35  Probe  
  36  3:37  Observer (Chrono Boost)  
  39  3:46  Probe x2  
  41  3:49  Pylon  
  42  3:55  Observer (Chrono Boost)  
  42  3:56  Probe  
  42  3:58  Gateway, Probe  
  44  4:07  Probe  
  44  4:08  Forge  
  45  4:10  Probe  
  42  4:36  Mothership Core  
  39  4:40  Stalker  
  33  5:10  Mothership Core  
  33  5:15  Probe  
  33  5:16  Stalker  
  36  5:26  Probe  
  35  5:36  Probe  
  35  5:42  Probe  
  36  5:43  Observer  
  36  5:46  Photon Cannon  
  38  5:59  Probe  
  37  6:06  Probe  
  37  6:10  Observer  
  39  6:14  Probe  
  39  6:17  Stalker x2  
Show
View Real Time Build Order
Export as new Build Order

MythiC Terran - Winner!

Build Orders: 1/1/1, Liberator Opening 

Get SALT Encoding   

  12  0:00  SCV  
  13  0:13  SCV  
  14  0:20  Supply Depot  
  14  0:25  SCV  
  15  0:42  SCV  
  16  0:43  Barracks  
  16  0:46  Refinery  
  16  0:54  SCV  
  16  0:56  Refinery  
  17  1:06  SCV  
  18  1:18  SCV  
  19  1:30  Orbital Command  
  19  1:31  Marine  
  20  1:35  Factory  
  20  1:46  Supply Depot  
  20  1:55  SCV, Barracks Reactor  
  21  2:08  SCV  
  22  2:19  Widow Mine  
  22  2:20  SCV  
  22  2:21  Starport  
  25  2:32  SCV  
  25  2:33  Marine x2  
  25  2:36  Supply Depot  
  28  2:44  SCV  
  28  2:48  Widow Mine  
  31  2:57  Supply Depot, SCV, Marine x2  
  34  2:58  Medivac  
  36  3:11  Liberator  
  36  3:12  SCV  
  37  3:15  Marine x2  
  37  3:17  Supply Depot  
  39  3:20  Factory Tech Lab  
  39  3:24  SCV  
  43  3:47  Command Center  
  43  3:54  Siege Tank  
  46  3:58  Marine x2  
  46  4:02  SCV  
  49  4:09  Liberator  
  49  4:13  Supply Depot  
  49  4:23  Marine x2  
  51  4:31  SCV  
  55  4:40  Engineering Bay, Marine  
  55  4:41  Marine  
  55  4:45  SCV  
  58  4:53  Siege Tank  
  58  4:57  SCV  
  58  4:58  Marine x2  
  63  5:06  Liberator  
  61  5:09  SCV  
  59  5:16  Marine x2  
  61  5:21  SCV  
  65  5:29  Siege Tank  
  65  5:32  Missile Turret  
  65  5:34  Marine x2  
  70  5:38  Orbital Command  
  67  5:43  SCV  
  68  5:53  Marine  
  68  5:54  Marine  
  68  5:55  SCV  
  71  6:07  SCV  
  71  6:11  SCV, Barracks, Marine  
  77  6:19  SCV  
  77  6:23  SCV  
  78  6:34  Refinery  
  78  6:35  Supply Depot  
  78  6:36  Supply Depot  
Tags
 
Add a new tag
Caveats
  • Supply blocks, unpowered buildings, or Contaminate may cause inaccurate times.
  • Supply counts are checked every 10 seconds.